 Dungeon Crawl Stone Soup version 0.24.0-7-gb3623d2c88 (webtiles) character file.

Game seed: 15100782288777208156, levelgen mode: classic

0 EnegeticOcto the Firebug (level 1, -3/11 HPs)
             Began as a Halfling Fire Elementalist on Nov 2, 2019.
             Slain by a hobgoblin
             ... wielding a +0 club
              (4 damage)
             ... on level 1 of the Dungeon.
             The game lasted 00:00:50 (89 turns).

EnegeticOcto the Firebug (Halfling Fire Elementalist) Turns: 89, Time: 00:00:51

Health: -3/11      AC:  2    Str:  9    XL:     1   Next: 11%
Magic:  0/3        EV: 15    Int: 13    God:
Gold:   16         SH:  0    Dex: 14    Spells: 2/3 levels left

rFire    . . .     SeeInvis .   (weapon restricted)
rCold    . . .     Gourm    .   (shield restricted)
rNeg     . . .     Faith    .   a - +0 robe
rPois    .         Spirit   .   (no helmet)
rElec    .         Reflect  .   (no cloak)
rCorr    .         Harm     .   (no gloves)
MR       .....                  (no boots)
Stlth    ++........             (no amulet)
HPRegen  0.03/turn              (no ring)
MPRegen  0.08/turn              (no ring)

@: very slightly contaminated
A: small, mutation resistance 1
a: no special abilities


You were on level 1 of the Dungeon.
You were not hungry.

You visited 1 branch of the dungeon, and saw 1 of its levels.

You collected 16 gold pieces.

Inventory:

Armour
 a - a +0 robe (worn)
Scrolls
 c - a scroll of identify {unknown}
Potions
 b - a potion of curing {unknown}
Comestibles
 d - a chunk of flesh
 e - a ration


   Skills:
 + Level 0.1 Fighting
 - Level 2.1 Dodging
 - Level 2.1 Stealth
 - Level 1.5 Spellcasting
 - Level 0.7 Conjurations
 - Level 3.0 Fire Magic


You had 2 spell levels left.
You knew the following spells:

 Your Spells              Type           Power        Failure   Level  Hunger
a - Flame Tongue          Conj/Fire      #....        12%         1    ##.....

Your spell library contained the following spells:

 Spells                   Type           Power        Failure   Level  Hunger
 Throw Flame              Conj/Fire      #.....       19%         2    ###....
 Conjure Flame            Conj/Fire      #.......     36%         3    ####...
 Inner Flame              Hex/Fire       #.......     41%         3    ####...
 Sticky Flame             Conj/Fire      #.......     77%         4    #####..
 Fireball                 Conj/Fire      #.........   98%         5    ######.


Dungeon Overview and Level Annotations

Branches:
Dungeon (1/15)

Altars:


Innate Abilities, Weirdness & Mutations

You are small and have problems with some larger weapons.
You are somewhat resistant to further mutation.


Message History

Confirm with . or Enter, or press ? or * to list all spells.
You can't see any susceptible monsters within range! (Use Z to cast anyway.)
A hobgoblin comes into view. It is wielding a +0 club.
Casting: Flame Tongue (safe; 12% risk of failure)
Confirm with . or Enter, or press ? or * to list all spells.
You can't see any susceptible monsters within range! (Use Z to cast anyway.)
Casting: Flame Tongue (safe; 12% risk of failure)
Confirm with . or Enter, or press ? or * to list all spells.
You can't see any susceptible monsters within range! (Use Z to cast anyway.)
Casting: Flame Tongue (safe; 12% risk of failure)
Confirm with . or Enter, or press ? or * to list all spells.
Aiming: Flame Tongue (safe; 12% risk of failure)
Press: ? - help, Shift-Dir - straight line, f - kobold
Aim: a kobold, wielding a +0 whip The flame tongue hits the kobold.
The kobold is heavily wounded.
Casting: Flame Tongue (safe; 12% risk of failure)
Confirm with . or Enter, or press ? or * to list all spells.
Aiming: Flame Tongue (safe; 12% risk of failure)
Press: ? - help, Shift-Dir - straight line, f/p - kobold
Aim: a kobold, wielding a +0 whip (heavily wounded)
The flame tongue misses the kobold.
The kobold misses you.
Casting: Flame Tongue (safe; 12% risk of failure)
Confirm with . or Enter, or press ? or * to list all spells.
Aiming: Flame Tongue (safe; 12% risk of failure)
Press: ? - help, Shift-Dir - straight line, f/p - kobold
Aim: a kobold, wielding a +0 whip (moderately wounded)
The flame tongue hits the kobold.
The kobold is severely wounded.
The kobold barely misses you.
A rat comes into view.
A bat comes into view.
A leopard gecko comes into view.
The bat misses you.
The leopard gecko hisses angrily.
The bat completely misses you. The leopard gecko barely misses you.
The bat hits you.
The leopard gecko bites you but does no damage.
The bat barely misses you. The bat closely misses you.
The bat hits you but does no damage. The bat misses you.
The bat barely misses you. The bat barely misses you. The bat hits you.
Casting: Flame Tongue (safe; 12% risk of failure)
Confirm with . or Enter, or press ? or * to list all spells.
Aiming: Flame Tongue (safe; 12% risk of failure)
Press: ? - help, Shift-Dir - straight line, f - leopard gecko, p - kobold
Aim: a leopard gecko (clinging)
The flame tongue hits the leopard gecko.
The leopard gecko is severely wounded.
The hobgoblin shouts!
The leopard gecko closely misses you. The leopard gecko barely misses you.
Casting: Flame Tongue (safe; 12% risk of failure)
Confirm with . or Enter, or press ? or * to list all spells.
Aiming: Flame Tongue (safe; 12% risk of failure)
Press: ? - help, Shift-Dir - straight line, f/p - leopard gecko
Aim: a leopard gecko (severely wounded, clinging)
The flame tongue misses the leopard gecko.
The leopard gecko bites you.
The rat twitches its whiskers.
The leopard gecko closely misses you. The leopard gecko closely misses you.
The bat barely misses you.
A goblin comes into view.
The bat hits you. The goblin barely misses you. The bat hits you.
The bat closely misses you. The goblin hits you.
* * * LOW HITPOINT WARNING * * *
The bat hits you.
* * * LOW HITPOINT WARNING * * *
The bat hits you but does no damage. The bat misses you.
Casting: Flame Tongue (safe; 12% risk of failure)
Confirm with . or Enter, or press ? or * to list all spells.
You can't see any susceptible monsters within range! (Use Z to cast anyway.)
You miss the bat. The bat completely misses you.
Casting: Flame Tongue (safe; 12% risk of failure)
Confirm with . or Enter, or press ? or * to list all spells.
Aiming: Flame Tongue (safe; 12% risk of failure)
Press: ? - help, Shift-Dir - straight line, f/p - leopard gecko
Aim: a leopard gecko (severely wounded, clinging)
You miscast Flame Tongue.
You are very lightly contaminated with residual magic.
Your skin glows momentarily.
The bat hits you.
* * * LOW HITPOINT WARNING * * *
The bat misses you.
The hobgoblin shouts!
The bat misses you.
A rat comes into view.
The bat closely misses you. The hobgoblin barely misses you.
The bat closely misses you.
You hit the hobgoblin but do no damage. The bat misses you.
The hobgoblin hits you but does no damage.
The bat misses you.
You barely miss the hobgoblin. The bat misses you.
The hobgoblin completely misses you.
You hit the hobgoblin but do no damage. The bat hits you but does no damage. x2
The hobgoblin hits you with a +0 club.
You die...

♣♣.♣♣ ♣.♣♣ ♣♣..♣ ♣..♣♣
##.#### ### #....# #.#
#.##.####.#######
#.#....÷...rglb.#
#.#.###.#.#.###@# #...
#..###.# #g###
####.###.#?#.###...#
.gr.K...8...gK##...####.
###..#.#.###r.##...r....
#....###.)#......##.####
. #.###....## .#
........... ..
##.#.####### ##


You could see a leopard gecko, a hobgoblin, a goblin, a bat and 2 rats.

Vanquished Creatures
  A rat (D:1)
1 creature vanquished.

Notes
Turn   | Place    | Note
-------+----------+-------------------------------------------
     0 | D:1      | EnegeticOcto the Halfling Fire Elementalist began the quest
                  | for the Orb.
     0 | D:1      | Reached XP level 1. HP: 11/11 MP: 3/3
    89 | D:1      | Slain by a hobgoblin

Levels and vault maps discovered:
D:1:      roderic_dead_forest, layout_loops_ring,
          chequers_serial_rivers_micro_c, minmay_heptomino_h4

Action                   || total
-------------------------++-------
Melee: Unarmed           ||     4
 Cast: Flame Tongue      ||     6
Armor: Robe              ||     6
Dodge: Dodged            ||    28
